 Dungeon Crawl Stone Soup version 0.30-a0-540-g0af01429fa (webtiles) character file.

Game seed: 12925955299445367455

130571 Pooter the Severer (level 16, -1/151 HPs)
             Began as a Minotaur Berserker on Dec 23, 2022.
             Was a High Priest of Trog.
             Killed from afar by a deep elf knight (30 damage)
             ... with a shard of ice
             ... on level 1 of the Elven Halls on Dec 26, 2022.
             The game lasted 03:07:44 (34957 turns).

Pooter the Severer (Minotaur Berserker)            Turns: 34957, Time: 03:07:45

Health: -1/151     AC: 32    Str: 38    XL:     16   Next: 53%
Magic:  15/15      EV: 13    Int:  4    God:    Trog [*****.]
Gold:   645        SH: 19    Dex: 19    Spells: 15/15 levels left

rFire   + + .      SeeInvis .    a - +2 war axe (venom)
rCold   + + .      Faith    .    O - +2 shield of Resistance {rF++ rC++ Will++}
rNeg    . . .      Spirit   .    h - +8 chain mail of Lightning Storm {Dex+7}
rPois   .          Reflect  +    m - +2 hat
rElec   .          Harm     .    M - +2 cloak {Will+}
rCorr   .          Rampage  .    R - +4 pair of gloves of Jaax Boff {Str+4}
Will    +++++                    q - +2 pair of boots Stlth
                                 V - amulet of reflection
HPRegen 1.45/turn                U - +4 ring of evasion
MPRegen 0.14/turn                y - +6 ring of strength

@: strong-willed, regenerating
A: horns 2, retaliatory headbutt
a: Renounce Religion, Berserk, Trog's Hand, Brothers in Arms


You were on level 1 of the Elven Halls.
You worshipped Trog.
Trog was extremely pleased with you.
You visited 4 branches of the dungeon, and saw 23 of its levels.
You also visited: Bailey, Ice Cave and Volcano.

You collected 3167 gold pieces.
You spent 2522 gold pieces at shops.

Inventory:

Hand Weapons
 a - a +2 war axe of venom (weapon)
   (You took it off an orc on level 8 of the Dungeon)
 b - a +3 hand crossbow of chaos
   (You took it off a kobold on level 8 of the Dungeon)
 n - a +0 morningstar of freezing
   (You found it in an ice cave)
 C - a +6 flail of protection
   (You took it off Edmund on level 4 of the Dungeon)
Missiles
 B - 27 boomerangs (quivered)
 Q - 11 curare-tipped darts
Armour
 h - the +8 chain mail of Lightning Storm (worn) {Dex+7}
   (You found it on level 13 of the Dungeon)

   Dex:       It affects your dexterity (+7).
 m - a +2 hat (worn)
   (You found it on level 7 of the Dungeon)
 q - a +2 pair of boots (worn)
   (You found it on level 3 of the Dungeon)
 v - the +3 robe of Immorality {Rampage rF+ rN+ Slay+2}
   (You found it on level 3 of the Dungeon)

   Slay:      It affects your accuracy & damage with ranged weapons and melee
   (+2).
   rF:        It protects you from fire.
   rN:        It protects you from negative energy.
   Rampage:   It bestows one free step when moving towards enemies.
 M - a +2 cloak of willpower (worn)
   (You bought it in a shop on level 4 of the Dungeon)
 O - the +2 shield of Resistance (worn) {rF++ rC++ Will++}
   (You bought it in a shop on level 1 of the Orcish Mines)

   rF:        It greatly protects you from fire.
   rC:        It greatly protects you from cold.
   Will:      It greatly increases your willpower.
 R - the +4 pair of gloves of Jaax Boff (worn) {Str+4}
   (You bought it in a shop on level 1 of the Orcish Mines)

   Str:       It affects your strength (+4).
Jewellery
 s - an amulet of regeneration
   (You found it on level 3 of the Dungeon)
 y - a +6 ring of strength (right hand)
   (You found it on level 1 of the Lair of Beasts)
 F - a ring of protection from fire
   (You found it on level 3 of the Dungeon)
 G - an amulet of guardian spirit
   (You found it on level 1 of the Dungeon)
 I - a ring of protection from cold
   (You found it on level 1 of the Lair of Beasts)
 N - a ring of positive energy
   (You took it off an orc on level 3 of the Dungeon)
 S - a ring of willpower
   (You took it off an orc on level 9 of the Dungeon)
 U - a +4 ring of evasion (left hand)
   (You found it on level 2 of the Lair of Beasts)
 V - an amulet of reflection (around neck)
   (You found it on level 11 of the Dungeon)
Wands
 d - a wand of iceblast (18)
   (You found it on level 3 of the Dungeon)
 f - a wand of flame (7)
   (You found it on level 2 of the Lair of Beasts)
 u - a wand of paralysis (1)
   (You found it on level 10 of the Dungeon)
 D - a wand of digging (2)
   (You found it on level 2 of the Lair of Beasts)
 J - a wand of mindburst (6)
   (You found it on level 2 of the Lair of Beasts)
 L - a wand of polymorph (13)
   (You took it off a kobold brigand on level 7 of the Dungeon)
 Z - a wand of quicksilver (4)
   (You found it on level 12 of the Dungeon)
Scrolls
 c - 3 scrolls of vulnerability {!r}
 e - 3 scrolls of immolation {!r}
 j - 4 scrolls of fear
 k - 2 scrolls of summoning
 r - a scroll of magic mapping
 t - 13 scrolls of teleportation {@r4}
 z - 4 scrolls of blinking
 A - a scroll of poison {!r}
 K - 3 scrolls of enchant armour
 T - 3 scrolls of silence
Potions
 g - 2 potions of might
 i - a potion of mutation {!q}
 l - 8 potions of curing {@q1}
 o - a potion of attraction {!q}
 p - a potion of cancellation
 w - a potion of haste {@q3}
 x - a potion of heal wounds {@q2}
 E - 4 potions of flight
 W - 3 potions of invisibility
 X - 2 potions of resistance
 Y - 7 potions of ambrosia
Miscellaneous
 H - a lightning rod (4/4) {!a}
   (You found it in a bailey)
 P - a condenser vane (inert)
   (You found it on level 13 of the Dungeon)


   Skills:
 + Level 16.0 Fighting
 + Level 20.8 Axes
 - Level 1.2(13.7) Maces & Flails
 - Level 18.0 Ranged Weapons
 + Level 7.6 Armour
 - Level 2.1 Dodging
 - Level 6.1 Stealth
 + Level 8.7 Shields
 + Level 10.6 Evocations


You had 15 spell levels left.
You didn't know any spells.
Your spell library was empty.

Dungeon Overview and Level Annotations

Branches:
Dungeon (15/15)            Temple (0/1) D:4            Lair (5/5) D:10
 Shoals (0/4) Lair:2       Spider (0/4) Lair:2        Slime (0/5) Lair:5
    Orc (2/2) D:12            Elf (1/3) Orc:2        Vaults (0/5) D:13
 Depths (0/4) D:15         Bailey (visited)           IceCv (visited)
Volcano (visited)

Altars:
Fedhas
Qazlal
Ru
Sif Muna
Xom
Zin

Shops:
D:4 *   D:12 (   Orc:1 [   Orc:2 [:(*

Portals:
Trove: D:15 (give 7 scrolls of fear)


Innate Abilities, Weirdness & Mutations

You have a pair of horns on your head.
You reflexively headbutt those who attack you in melee.


Message History

You shoot a bolt.
The bolt hits the deep elf high priest!!!
The deep elf high priest seems to speed up.
The deep elf high priest mumbles some strange prayers to its god.
The deep elf high priest begins emitting a brilliant aura!
The deep elf knight is empowered by the deep elf high priest's aura!
The deep elf knight mumbles some strange words.
The deep elf knight flickers and vanishes!
Deactivating autopickup; reactivate with Ctrl-A.
A deep elf high priest comes into view.
It is wielding a +1 scimitar of electrocution.
You hear a shout!
Fire: b) +3 hand crossbow (chaos)
Aim: a deep elf high priest, wielding a +1 scimitar of electrocution (71% to hit)
You shoot a bolt. The bolt hits the deep elf high priest!
The bolt burns the deep elf high priest.
The deep elf high priest shoots an arrow.
The arrow hits you.
Fire: b) +3 hand crossbow (chaos)
Aim: a deep elf high priest, wielding a +0 shortbow (almost dead, fast, brilliance aura, poisoned, 71% to hit)
You shoot a bolt. The bolt hits the deep elf high priest.
You kill the deep elf high priest!
Trog accepts your kill.
You hear some strange, mumbled words.
A shard of ice appears from out of thin air!
The shard of ice misses you.
You hear some strange, mumbled words.
A shard of ice appears from out of thin air!
The shard of ice reflects off an invisible shield around you!
The shard of ice hits something!!
There is an open door, spattered with blood here.
Items here: )))))) [[[.
There is an open door, spattered with blood here.
Items here: ( ))) [.
Your +2 war axe of venom begins to drip with poison!
a - a +2 war axe of venom (weapon)
Your skin crawls.
You feel strong-willed.
You hear some strange, mumbled words.
A shard of ice appears from out of thin air!
The shard of ice hits you!!! You partially resist.
* * * LOW HITPOINT WARNING * * *
The deep elf high priest calls down the wrath of its god upon you.
The sphere of damnation explodes!
The damnation engulfs you!!
* * * LOW HITPOINT WARNING * * *
You hear a shout!
Clouds of flame condense around you!
The condenser dries out!
You hear some strange, mumbled words.
A shard of ice appears from out of thin air!
The shard of ice hits you!! You partially resist.
You die...

!.........')
..........e
.......§§.#
.......§e{# ##
.....).§§.# ...
.......§§.# ...
......)§{# #).
#......§§####
#'#
##.....##@#.##.#
###### ##)).)#
##..)))## ##
#....)).# #.
##....)## #.
##...## ###.
##..## .'. #..##
#. #.## #.


You could see a deep elf high priest.

Vanquished Creatures
  Agnes (Elf:1)
  An ironbound preserver (D:13)
  A war gargoyle (Elf:1)
  3 stone giants
  Nessos (Lair:4)
  Azrael (D:13)
  A crystal guardian (Elf:1)
  Snorg (D:10)
  A deep elf high priest (Elf:1)
  5 hydras
  4 catoblepae
  An ogre mage (D:15)
  A boulder beetle (Lair:5)
  A two-headed ogre (shapeshifter) (Elf:1)
  2 dancing weapons (Elf:1)
  3 centaur warriors
  9 two-headed ogres
  12 death yaks (Lair:5)
  4 tengu warriors (D:15)
  6 orc high priests
  A hell knight (Volcano)
  3 deep elf knights (Elf:1)
  Amaemon (D:10)
  The ghost of sirJeffrey23 the Spear-Bearer, a novice DsFi (D:8)
  4 skeletal warriors (D:15)
  A salamander mystic (Volcano)
  A bog body (IceCv)
  7 deep elf archers (Elf:1)
  A wizard (D:15)
  6 orc knights
  A necromancer (IceCv)
  5 deep elf zephyrmancers (Elf:1)
  8 deep elf pyromancers
  An orc sorcerer (Elf:1)
  A faun (Lair:2)
  4 salamanders (Volcano)
  6 manticores
  8 cyclopes
  23 ugly things
  Joseph (D:7)
  3 ice statues
  A merfolk siren (Lair:2)
  Maurice (D:10)
  2 molten gargoyles (Volcano)
  2 black mambas
  The ghost of lotum the Zephyrmancer, a novice TeAE of Nemelex Xobeh (D:7)
  5 elephants (Lair:5)
  An orange demon (D:10)
  An unseen horror (D:12)
  A torpor snail (Lair:1)
  11 cane toads
  3 gargoyles
  8 komodo dragons
  2 kobold demonologists
  3 rime drakes
  10 ice devils
  A freezing wraith (IceCv)
  3 anaconda simulacra (IceCv)
  3 meliai
  11 trolls
  2 polar bears
  3 merfolk (Lair:2)
  4 slime creatures (D:12)
  6 blink frogs
  7 dream sheep (Lair:3)
  Sigmund (D:3)
  2 air elementals (Elf:1)
  A spriggan (shapeshifter) (D:8)
  9 wyverns
  A wraith (D:14)
  A vampire (D:10)
  A basilisk (shapeshifter) (D:14)
  2 fire elementals (D:13)
  2 fire bats (Volcano)
  3 dire elephant simulacra (IceCv)
  75 yaks
  3 vampire mosquitoes (D:13)
  4 basilisks
  A steam dragon (Lair:3)
  2 redbacks (Lair:2)
  Menkaure (D:7)
  A death yak simulacrum (IceCv)
  A harpy simulacrum (IceCv)
  Edmund (D:4)
  4 acid dragons
  14 water moccasins
  A warg (Orc:2)
  6 hell hounds (D:13)
  3 hydra simulacra (IceCv)
  A black bear (Lair:1)
  43 orc warriors
  2 ogres
  3 ice beasts
  The ghost of Hellmel the Slasher, an amateur DsGl (D:3)
  40 wolves
  17 centaurs
  3 boggarts (D:15)
  19 kobold brigands
  6 bullfrogs
  3 earth elementals (Elf:1)
  A gnoll sergeant (D:10)
  3 scorpions
  7 wights (D:8)
  9 killer bees
  10 howler monkeys
  5 electric eels
  7 lava snakes (Volcano)
  4 jellies
  2 hounds
  36 orc priests
  2 gnoll boudas
  Crazy Yiuf (D:2)
  Ijyb (D:5)
  Terence (D:2)
  12 hell rats
  4 iguanas
  19 orc wizards
  A spriggan simulacrum (IceCv)
  16 gnolls
  14 adders
  2 naga simulacra (IceCv)
  A shadow imp (D:5)
  2 white imps (D:6)
  7 ufetubi (D:10)
  5 worms
  2 dart slugs
  89 orcs
  4 ball pythons
  8 endoplasms
  3 giant cockroaches
  4 goblins
  7 hobgoblins
  3 jackals (D:2)
  36 kobolds
  3 quokkas
  7 bats
  9 frilled lizards
  3 rats (D:1)
866 creatures vanquished.

Vanquished Creatures (collateral kills)
  4 blink frogs (Lair:2)
  A wolf (Lair:2)
5 creatures vanquished.

Vanquished Creatures (others)
  2 deep elf pyromancers (Elf:1)
  28 fungi
  42 plants
72 creatures vanquished.

Grand Total: 943 creatures vanquished

Notes
Turn   | Place    | Note
-------+----------+-------------------------------------------
     0 | D:1      | Pooter the Minotaur Berserker began the quest for the Orb.
     0 | D:1      | Reached XP level 1. HP: 19/19 MP: 0/0
   140 | D:1      | Reached skill level 4 in Axes
   140 | D:1      | Reached XP level 2. HP: 23/27 MP: 1/1
   703 | D:2      | Found a shimmering altar of Xom.
   715 | D:2      | Noticed Terence
   725 | D:2      | Killed Terence
   726 | D:2      | Reached skill level 1 in Stealth
   726 | D:2      | Reached XP level 3. HP: 22/33 MP: 0/2
   972 | D:2      | Reached skill level 5 in Axes
   972 | D:2      | Reached XP level 4. HP: 26/41 MP: 3/3
  1111 | D:2      | Identified a scroll of acquirement
  1112 | D:2      | Acquired a manual of Axes
  1152 | D:2      | Reached ** piety under Trog
  1225 | D:2      | Found a runed translucent door.
  1226 | D:2      | Noticed Crazy Yiuf
  1533 | D:2      | Killed Crazy Yiuf
  1534 | D:2      | Reached skill level 1 in Ranged Weapons
  1650 | D:3      | Reached XP level 5. HP: 47/47 MP: 4/4
  1825 | D:3      | Identified the +3 robe of Immorality {Rampage rF+ rN+
                  | Slay+2}
  1846 | D:3      | Reached skill level 6 in Axes
  1875 | D:3      | Found a runed translucent door.
  1995 | D:3      | Noticed Sigmund
  2000 | D:3      | Killed Sigmund
  2001 | D:3      | Reached skill level 5 in Fighting
  2001 | D:3      | Reached skill level 7 in Axes
  2001 | D:3      | Reached XP level 6. HP: 56/56 MP: 5/5
  2283 | D:3      | Noticed Hellmel's ghost (amateur DsGl)
  2293 | D:3      | Killed Hellmel's ghost
  2294 | D:3      | Reached XP level 7. HP: 61/61 MP: 6/6
  2435 | D:4      | Reached skill level 8 in Axes
  2435 | D:4      | Reached skill level 1 in Maces & Flails
  2545 | D:4      | Found Muelineb's Neck Hole.
  2705 | D:4      | Found a staircase to the Ecumenical Temple.
  2911 | D:4      | Noticed Edmund
  2930 | D:4      | Killed Edmund
  3089 | D:5      | Entered Level 5 of the Dungeon
  3154 | D:5      | Reached skill level 9 in Axes
  3187 | D:5      | Reached skill level 5 in Ranged Weapons
  3204 | D:5      | Reached XP level 8. HP: 69/70 MP: 7/7
  3318 | D:5      | Noticed Ijyb
  3327 | D:5      | Killed Ijyb
  3342 | D:5      | Reached skill level 10 in Axes
  4356 | D:6      | Reached skill level 11 in Axes
  4478 | D:6      | You fall into a shaft and drop 3 floors!
  4508 | D:9      | Reached XP level 9. HP: 78/78 MP: 8/8
  4550 | D:8      | Found a flagged portal.
  4559 | Bailey   | Entered a bailey
  4698 | Bailey   | Reached skill level 12 in Axes
  5485 | D:8      | Reached skill level 13 in Axes
  5940 | D:7      | Found a glowing silver altar of Zin.
  5940 | D:7      | Found a sacrificial altar of Ru.
  6029 | D:6      | Reached skill level 5 in Stealth
  6075 | D:6      | Found a stormy altar of Qazlal.
  6365 | D:6      | Upgraded the game from 0.30-a0-528-g8c47a4955b to
                  | 0.30-a0-534-gdc55766716
  6466 | D:7      | Noticed Menkaure
  6471 | D:7      | Killed Menkaure
  6515 | D:7      | Reached *** piety under Trog
  6517 | D:7      | Noticed Joseph
  6538 | D:7      | Killed Joseph
  6539 | D:7      | Reached skill level 14 in Axes
  6539 | D:7      | Reached XP level 10. HP: 88/88 MP: 9/9
  6800 | D:7      | Found a runed translucent gate.
  6800 | D:7      | Found a runed translucent gate.
  6801 | D:7      | Found a runed translucent gate.
  6803 | D:7      | Noticed lotum's ghost (novice TeAE)
  6819 | D:7      | Killed lotum's ghost
  6893 | D:7      | Upgraded the game from 0.30-a0-534-gdc55766716 to
                  | 0.30-a0-540-g0af01429fa
  6937 | D:7      | Reached skill level 15 in Axes
  7011 | D:4      | Bought a +1 cloak of willpower for 231 gold pieces
  8094 | D:8      | Reached skill level 10 in Ranged Weapons
  8098 | D:8      | Reached skill level 16 in Axes
  8347 | D:8      | Found a runed translucent door.
  8782 | D:8      | Noticed sirJeffrey23's ghost (novice DsFi)
  8854 | D:9      | Reached skill level 1 in Shields
  8854 | D:9      | Reached XP level 11. HP: 97/97 MP: 10/10
  9428 | D:9      | Reached skill level 1 in Evocations
  9542 | D:9      | Noticed a two-headed ogre
  9547 | D:9      | Killed a two-headed ogre
 10687 | D:10     | Entered Level 10 of the Dungeon
 10707 | D:10     | Reached **** piety under Trog
 10968 | D:10     | Noticed Maurice
 11033 | D:10     | Killed Maurice
 11658 | D:10     | Found a staircase to the Lair.
 12041 | D:10     | Noticed Amaemon
 12079 | D:10     | Killed Amaemon
 12087 | D:10     | Reached skill level 17 in Axes
 12175 | D:10     | Noticed Snorg
 12193 | D:10     | Killed Snorg
 12194 | D:10     | Reached skill level 10 in Fighting
 12292 | D:10     | Found a blossoming altar of Fedhas.
 12693 | Lair:1   | Entered Level 1 of the Lair of Beasts
 12824 | Lair:1   | Reached XP level 12. HP: 44/106 MP: 11/11
 12931 | Lair:1   | Reached skill level 5 in Shields
 13264 | Lair:1   | Found a frozen archway.
 13277 | IceCv    | Entered an ice cave
 14861 | Lair:1   | Reached skill level 5 in Evocations
 15263 | Lair:2   | Reached XP level 13. HP: 114/117 MP: 12/12
 15273 | Lair:2   | Reached skill level 18 in Axes
 15678 | Lair:2   | Found a staircase to the Shoals.
 15850 | Lair:2   | Found a hole to the Spider Nest.
 16187 | Lair:3   | You fall into a shaft and drop 1 floor!
 16187 | Lair:4   | Noticed Nessos
 16196 | Lair:4   | Killed Nessos
 16514 | Lair:3   | Reached skill level 15 in Ranged Weapons
 17141 | Lair:3   | Reached ***** piety under Trog
 17843 | Lair:4   | Acquired the +4 kite shield of Narcissism {Fly rC+ Int+3}
 18500 | Lair:5   | Entered Level 5 of the Lair of Beasts
 18732 | Lair:5   | Reached XP level 14. HP: 128/129 MP: 13/13
 18868 | Lair:5   | Found a dark tunnel.
 18877 | Volcano  | Entered a volcano
 19074 | Volcano  | Found a burning altar of Makhleb.
 19283 | Volcano  | Identified the +6 shortbow "Sis Omuf" {vorpal, Dex+8}
 19931 | Lair:5   | Reached skill level 19 in Axes
 20020 | Lair:5   | Found a runed translucent door.
 20020 | Lair:5   | Found a staircase to the Slime Pits.
 22419 | D:12     | Found Upsefawke's Weapon Shop.
 22432 | D:12     | Received a gift from Trog
 22435 | D:12     | Found a staircase to the Orcish Mines.
 22486 | Orc:1    | Entered Level 1 of the Orcish Mines
 22744 | Orc:2    | Entered Level 2 of the Orcish Mines
 23128 | Orc:1    | Found Cuvoado's Antique Armour Emporium.
 23137 | Orc:1    | Bought the +2 shield of Resistance {rF++ rC++ Will++} for
                  | 1903 gold pieces
 23137 | Orc:1    | Found the +2 shield of Resistance {rF++ rC++ Will++}
 23750 | Orc:1    | Bought a pair of faintly glowing gloves for 256 gold pieces
 23750 | Orc:1    | Identified the +4 pair of gloves of Jaax Boff {Str+4} (You
                  | bought it in a shop on level 1 of the Orcish Mines)
 23997 | Orc:2    | Found a staircase to the Elven Halls.
 27536 | Orc:2    | Reached XP level 15. HP: 138/138 MP: 14/14
 27657 | Orc:2    | Found Qeis's Armour Shoppe.
 27660 | Orc:2    | Found Yhaedok's Antique Weapon Emporium.
 27661 | Orc:2    | Found Upry's Assorted Antiques.
 27662 | Orc:2    | Found Oveaps's Book Shoppe.
 27665 | Orc:2    | Bought a scroll of identify for 68 gold pieces
 27665 | Orc:2    | Bought a sapphire potion for 30 gold pieces
 27665 | Orc:2    | Bought a scroll labelled VAGU VIH NUTA for 34 gold pieces
 29169 | D:13     | Noticed Azrael
 30748 | D:13     | Identified the +8 chain mail of Lightning Storm {Dex+7}
 30897 | D:13     | Killed Azrael
 30977 | D:13     | Found a gate to the Vaults.
 31240 | D:14     | Reached skill level 20 in Axes
 31426 | D:14     | Reached skill level 15 in Fighting
 31658 | D:15     | Entered Level 15 of the Dungeon
 31658 | D:15     | Found a shimmering blue altar of Sif Muna.
 31730 | D:15     | Found a portal to a secret trove of treasure.
 31953 | D:15     | Reached skill level 5 in Armour
 32756 | D:15     | Reached skill level 10 in Evocations
 32769 | D:15     | Reached XP level 16. HP: 143/149 MP: 15/15
 32996 | D:15     | Found a staircase to the Depths.
 33339 | D:8      | Killed sirJeffrey23's ghost
 33521 | Elf:1    | Entered Level 1 of the Elven Halls
 33894 | Elf:1    | Noticed Agnes
 33901 | Elf:1    | Killed Agnes
 33979 | Elf:1    | Found the +6 shillelagh "Devastator" {shatter}
 34017 | Elf:1    | Paralysed by an air elemental for 1 turns
 34020 | Elf:1    | Paralysed by an air elemental for 1 turns
 34055 | Elf:1    | Received a gift from Trog
 34137 | Elf:1    | Paralysed by an air elemental for 1 turns
 34957 | Elf:1    | Killed from afar by a deep elf knight

Illustrated notes

Levels and vault maps discovered:
D:1:      lightli_arrival_chessboard, layout_basic, dreamdust_wishing_well,
          minmay_misc_feat_nine_boxes, ebering_dispersal_statue_hall
D:2:      layout_loops_ring, basic_altar, uniq_terence, uniq_crazy_yiuf_cottage
D:3:      layout_rooms, ebering_ghost_reflecting_pool, uniq_sigmund
D:4:      layout_loops_cross, minmay_temple_entry_enclosed_plants,
          nicolae_shop_sticking_my_neck_out, uniq_edmund
D:5:      layout_gridville, grunt_decor_one_mirror, uniq_ijyb
D:6:      layout_rooms, nicolae_qazlal_general_emergency, minmay_lizard_king
D:7:      layout_basic, amethyst_overflow_temple_binary,
          gammafunk_ghost_nasty_kobolds, abandoned_shop, uniq_menkaure,
          uniq_joseph
D:8:      layout_cave_pools, ebering_ghost_inner_flame, enter_bailey_8,
          palyth_stone_intersect
D:9:      layout_basic, st_stairs_13
D:10:     cheibrodos_frozen_isle, layout_long_grid,
          mainiacjoe_overflow_alcove_2, lair_entry_dummy, grunt_ministairs_12,
          minmay_fountain_box, kennysheep_nondescript,
          chequers_serial_rivers_large_a, uniq_snorg, uniq_amaemon, uniq_maurice
D:11:     layout_loops_ring
D:12:     layout_layer_cave, orc_david_3
D:13:     layout_cave_pools, skrybe_vaults_entry_preservation,
          blue_anna_alchemist, uniq_azrael
D:14:     layout_cave_pools
D:15:     grunt_enter_depths_snipers, layout_stronghold, trove_entry_hex_spiral,
          nicolae_sif_muna_condensation
Lair:1:   layout_roguey, portal_ice_cave_entry_pillars_1
Lair:2:   layout_misc_corridors, elwin_shoals_entry_stream,
          spider_nest_entry_webs, grunt_forest_large_clearings,
          grunt_megastairs_4
Lair:3:   layout_layer_cave, st_stairs_11, infiniplex_staircase_pool,
          lemuel_fruit_fields, grunt_megastairs_5
Lair:4:   layout_long_grid, serial_bayou_shore_a, uniq_nessos
Lair:5:   evilmike_catoblepas_cave, layout_regular_city, slime_entry_2,
          serial_rivers, chequers_serial_rivers_small_a,
          chequers_serial_rivers_room_b, chequers_serial_rivers_micro_a,
          chequers_serial_rivers_micro_a, chequers_serial_rivers_micro_c,
          chequers_serial_rivers_micro_d, lightli_volcano_entry_magma_tube
Orc:1:    layout_diamond_mine, serial_shops, nicolae_shop_behind_doors
Orc:2:    st_orc_pillars, layout_diamond_mine
Elf:1:    minmay_roctagon, layout_geoelf_octagon, orc_legates,
          grunt_ministairs_7, nicolae_concentric_dashed_squares_wild,
          nicolae_elf_m_pinch, uniq_agnes

Skill      XL: |  1  2  3  4  5  6  7  8  9 10 11 12 13 14 15 16 |
---------------+-------------------------------------------------+-----
Axes           | 4 5 7 9 11 14 16 17 18 19 20 | 20.8
Fighting       | 4 5 6 7 9 10 11 13 14 15 16 | 16.0
Stealth        | 1 2 3 4 5 6 |  6.1
Ranged Weapons | 1 3 5 7 8 10 12 14 15 17 18 | 18.0
Maces & Flails | 1 |  1.2
Shields        | 1 4 5 7 8 |  8.7
Evocations     | 3 5 7 8 10 | 10.6
Armour         | 5 7 |  7.6
Dodging        | |  2.1

Action                   |  1- 3 |  4- 6 |  7- 9 | 10-12 | 13-15 | 16-18 || total
-------------------------+-------+-------+-------+-------+-------+-------++-------
Melee: Hand axe          |    66 |    19 |       |       |       |       ||    85
       Headbutt          |     7 |    12 |    21 |    71 |   145 |    25 ||   281
       War axe           |       |    72 |       |   269 |   547 |    92 ||   980
       Punch             |       |     3 |       |       |       |       ||     3
       Morningstar       |       |     6 |    11 |       |       |       ||    17
       Battleaxe         |       |       |   117 |    33 |       |       ||   150
       Flail             |       |       |       |       |    22 |       ||    22
 Fire: Sling             |       |       |    17 |       |       |       ||    17
       Shortbow          |       |       |    99 |       |       |       ||    99
       Arbalest          |       |       |    27 |    24 |       |       ||    51
       Hand crossbow     |       |       |       |   259 |   604 |   118 ||   981
Throw: Dart              |       |     8 |    16 |    10 |    17 |       ||    51
       Boomerang         |       |       |       |     4 |     4 |       ||     8
Invok: Berserk           |     2 |     3 |     6 |    13 |    20 |     2 ||    46
       Trog's Hand       |       |     1 |    11 |    18 |    26 |     4 ||    60
       Brothers in Arms  |       |       |       |       |     1 |       ||     1
Evoke: Wand              |       |       |     7 |     2 |     7 |     2 ||    18
       Lightning rod     |       |       |     3 |     2 |       |       ||     5
       Condenser vane    |       |       |       |       |       |     1 ||     1
  Use: Scroll            |     3 |     5 |    11 |    10 |    15 |       ||    44
       Potion            |       |       |     5 |     4 |     5 |       ||    14
 Stab: Sleeping          |     2 |     1 |       |     8 |     5 |       ||    16
       Paralysed         |       |       |       |       |     2 |     1 ||     3
       Distracted        |       |       |       |       |     1 |       ||     1
Armor: Animal skin       |    17 |     5 |       |       |       |       ||    22
       Chain mail        |       |    26 |       |       |    87 |    46 ||   159
       Robe              |       |    11 |    52 |   114 |   159 |       ||   336
Dodge: Dodged            |    40 |    46 |   102 |   101 |   269 |    29 ||   587
Block: Tower shield      |       |       |       |   187 |   120 |       ||   307
       Kite shield       |       |       |       |       |   395 |    72 ||   467
       Reflection        |       |       |       |       |    24 |    20 ||    44

Table legend: (Time is in decaauts)
 A = Elapsed time spent in this place.
 B = Non-inter-level travel time spent in this place.
 C = Inter-level travel time spent in this place.
 D = Time resting spent in this place.
 E = Time spent auto-exploring this place.
 F = Levels seen in this place.
 G = Mean time per level.
                   A        B        C        D        E       F      G
               +--------+--------+--------+--------+--------+-----+--------+
         Total |  35744 |  34118 |   1626 |  14699 |  12569 |  26 | 1374.8 |
       Dungeon |  19656 |  18379 |   1277 |   6692 |   8270 |  15 | 1310.4 |
          Lair |   5979 |   5770 |    209 |    988 |   3303 |   5 | 1195.8 |
  Orcish Mines |   5421 |   5282 |    139 |   4049 |    527 |   2 | 2710.5 |
   Elven Halls |   1455 |   1455 |      0 |   1070 |    117 |   1 | 1455.0 |
        Bailey |    652 |    652 |      0 |    219 |    168 |   1 |  652.0 |
      Ice Cave |   1532 |   1532 |      0 |   1106 |     36 |   1 | 1532.0 |
       Volcano |   1047 |   1047 |      0 |    572 |    147 |   1 | 1047.0 |
               +--------+--------+--------+--------+--------+-----+--------+

Top non-repeatable levels by time:
   Orc:2: 4797 daAuts
    D:10: 2344 daAuts
     D:8: 1948 daAuts
    D:13: 1926 daAuts
     D:9: 1886 daAuts
    D:12: 1603 daAuts
    D:15: 1543 daAuts
   IceCv: 1532 daAuts
  Lair:3: 1529 daAuts
   Elf:1: 1455 daAuts
  Lair:5: 1451 daAuts
     D:5: 1374 daAuts
     D:7: 1365 daAuts
    D:11: 1242 daAuts
 Volcano: 1047 daAuts
